| TOP OF THE 1ST |
|
Indianapolis Indians batting - Pitching for Lehigh Valley IronPigs : RHP Masataka Kawai
|
|
Pitching: RHP Masataka Kawai
|
|
|
Batting: RHB David Contreras
|
0-0: Called Strike 0-1: Ball 1-1: Ball 2-1: Ball 3-1: Foul Ball, location: 2F 3-2: SINGLE (Groundball, 4M, EV 101.9 MPH) (infield hit)
|
|
Batting: RHB Kirk Seiffert
|
0-0: Ball David Contreras is caught stealing 2nd base 2-4 1-0: Foul Ball, location: 2F 1-1: Fly out, F8 (Line Drive, 8LM, EV 98.8 MPH)
|
|
Batting: RHB Mike Cochran
|
0-0: Fly out, F3 (Line Drive, 3, EV 71.2 MPH)
|
| Top of the 1st over - 0 runs, 1 hit, 0 errors, 0 left on base; Indianapolis 0 - Lehigh Valley 0 |
| BOTTOM OF THE 1ST |
|
Lehigh Valley IronPigs batting - Pitching for Indianapolis Indians : RHP Walt Quinn
|
|
Pitching: RHP Walt Quinn
|
|
|
Batting: LHB Osamu Kubo
|
0-0: Ball 1-0: Ball 2-0: Called Strike 2-1: Foul Ball, location: 2F 2-2: Ball 3-2: Base on Balls
|
|
Batting: LHB Chad Persaud
|
0-0: Ball 1-0: Ball 2-0: Ball 3-0: Called Strike 3-1: Fly out, F8 (Line Drive, 8LD, EV 88.8 MPH)
|
|
Batting: RHB Julian Nijhuis
|
0-0: Called Strike Osamu Kubo is caught stealing 2nd base 2-4 0-1: Ball 1-1: Ball 2-1: Called Strike 2-2: Strikes out looking
|
| Bottom of the 1st over - 0 runs, 0 hits, 0 errors, 0 left on base; Indianapolis 0 - Lehigh Valley 0 |
| TOP OF THE 2ND |
|
Indianapolis Indians batting - Pitching for Lehigh Valley IronPigs : RHP Masataka Kawai
|
|
Batting: LHB Pat Sutton
|
0-0: Ball 1-0: Ball 2-0: Ground out 4-3 (Groundball, 34, EV 83.1 MPH)
|
|
Batting: SHB Ben Myers
|
0-0: Fly out, F6 (Flyball, 56D, EV 85.6 MPH)
|
|
Batting: LHB Jorge Quintana
|
0-0: Ball 1-0: Ball 2-0: SINGLE (Line Drive, 8RM, EV 96.9 MPH)
|
|
Batting: RHB Danny Gallegos
|
0-0: Called Strike Jorge Quintana is caught stealing 2nd base 2-4
|
| Top of the 2nd over - 0 runs, 1 hit, 0 errors, 0 left on base; Indianapolis 0 - Lehigh Valley 0 |
| BOTTOM OF THE 2ND |
|
Lehigh Valley IronPigs batting - Pitching for Indianapolis Indians : RHP Walt Quinn
|
|
Batting: RHB Matt Sanders
|
0-0: Ball 1-0: Ball 2-0: Ground out 6-3 (Groundball, 6, EV 78.1 MPH)
|
|
Batting: RHB Nick Beggs
|
0-0: Swinging Strike 0-1: Ball 1-1: Fly out, F8 (Flyball, 8RXD, EV 97.5 MPH)
|
|
Batting: RHB Young-tae Yoo
|
0-0: Swinging Strike 0-1: Ball 1-1: Ball 2-1: Swinging Strike 2-2: Ball 3-2: Strikes out swinging
|
| Bottom of the 2nd over - 0 runs, 0 hits, 0 errors, 0 left on base; Indianapolis 0 - Lehigh Valley 0 |
| TOP OF THE 3RD |
|
Indianapolis Indians batting - Pitching for Lehigh Valley IronPigs : RHP Masataka Kawai
|
|
Batting: RHB Danny Gallegos
|
0-0: Ball 1-0: Ball 2-0: Ball 3-0: Called Strike 3-1: Swinging Strike 3-2: Foul Ball, location: 2F 3-2: Foul Ball, location: 2F 3-2: Strikes out swinging
|
|
Batting: RHB Jorge Cruz
|
0-0: Called Strike 0-1: Ball 1-1: Swinging Strike 1-2: Foul Ball, location: 2F 1-2: Ball 2-2: Strikes out swinging
|
|
Batting: RHB Slamet Pamungkas
|
0-0: Called Strike 0-1: Ground out 6-3 (Groundball, 6, EV 86.9 MPH)
|
| Top of the 3rd over - 0 runs, 0 hits, 0 errors, 0 left on base; Indianapolis 0 - Lehigh Valley 0 |
| BOTTOM OF THE 3RD |
|
Lehigh Valley IronPigs batting - Pitching for Indianapolis Indians : RHP Walt Quinn
|
|
Batting: RHB Dan Grable
|
0-0: Ground out 6-3 (Groundball, 6, EV 82.5 MPH)
|
|
Batting: RHB Bill Moldenhauer
|
0-0: Ball 1-0: Swinging Strike 1-1: Ball 2-1: Single, Error in OF, E8, batter to second base (Groundball, 6MD, EV 105.0 MPH)
|
|
Batting: SHB Cesar Arteaga
|
0-0: Called Strike 0-1: Ball 1-1: DOUBLE (Flyball, 78D, EV 110.6 MPH) Bill Moldenhauer scores
|
|
Batting: LHB Osamu Kubo
|
0-0: Ball 1-0: SINGLE (Flyball, 7S, EV 88.1 MPH) Cesar Arteaga to third
|
|
Batting: LHB Chad Persaud
|
0-0: Foul Ball, location: 2F 0-1: Ball 1-1: SINGLE (Groundball, 6D, EV 102.5 MPH) Cesar Arteaga scores Osamu Kubo to second Runner from 2nd tries for 3rd, SAFE, throw by CF made at trailing runner, OUT! 8-4
|
|
Batting: RHB Julian Nijhuis
|
0-0: Foul Ball, location: 2F 0-1: Foul Ball, location: 2F 0-2: Ball 1-2: Fly out, F4 (Popup, 4, EV 53.1 MPH)
|
| Bottom of the 3rd over - 2 runs, 4 hits, 1 error, 1 left on base; Indianapolis 0 - Lehigh Valley 2 |
| TOP OF THE 4TH |
|
Indianapolis Indians batting - Pitching for Lehigh Valley IronPigs : RHP Masataka Kawai
|
|
Batting: RHB David Contreras
|
0-0: Called Strike 0-1: Foul Ball, location: 2F 0-2: Ball 1-2: Strikes out swinging
|
|
Batting: RHB Kirk Seiffert
|
0-0: Ball 1-0: Foul Ball, location: 2F 1-1: Foul Ball, location: 2F 1-2: SINGLE (Line Drive, 8LS, EV 112.5 MPH)
|
|
Batting: RHB Mike Cochran
|
0-0: Ball Kirk Seiffert steals 2nd base 1-0: Fly out, F7 (Flyball, 7, EV 90.6 MPH)
|
|
Batting: LHB Pat Sutton
|
0-0: Called Strike 0-1: Ball 1-1: Swinging Strike 1-2: Foul Ball, location: 2F 1-2: Ball 2-2: Ground out 1-3 (Groundball, 13, EV 69.4 MPH)
|
| Top of the 4th over - 0 runs, 1 hit, 0 errors, 1 left on base; Indianapolis 0 - Lehigh Valley 2 |
| BOTTOM OF THE 4TH |
|
Lehigh Valley IronPigs batting - Pitching for Indianapolis Indians : RHP Walt Quinn
|
|
Batting: RHB Matt Sanders
|
0-0: Foul Ball, location: 2F 0-1: Ball 1-1: Foul Ball, location: 2F 1-2: Strikes out swinging
|
|
Batting: RHB Nick Beggs
|
0-0: Ball 1-0: Ball 2-0: Ball 3-0: Called Strike 3-1: Base on Balls
|
|
Batting: RHB Young-tae Yoo
|
0-0: Ground out 5-3 (Groundball, 56S, EV 68.8 MPH) Nick Beggs to second
|
|
Batting: RHB Dan Grable
|
0-0: Ground out 1-3 (Groundball, 15, EV 59.4 MPH)
|
| Bottom of the 4th over - 0 runs, 0 hits, 0 errors, 1 left on base; Indianapolis 0 - Lehigh Valley 2 |
| TOP OF THE 5TH |
|
Indianapolis Indians batting - Pitching for Lehigh Valley IronPigs : RHP Masataka Kawai
|
|
Batting: SHB Ben Myers
|
0-0: Ball 1-0: Ball 2-0: Foul Ball, location: 2F 2-1: Swinging Strike 2-2: Fly out, F7 (Flyball, 78S, EV 88.1 MPH)
|
|
Batting: LHB Jorge Quintana
|
0-0: Ball 1-0: Foul Ball, location: 2F 1-1: Swinging Strike 1-2: Foul Ball, location: 2F 1-2: Fly out, F6 (Line Drive, 6, EV 65.6 MPH)
|
|
Batting: RHB Danny Gallegos
|
0-0: SINGLE (Groundball, 25, EV 69.4 MPH) (infield hit)
|
|
Batting: RHB Jorge Cruz
|
0-0: Ball 1-0: Reached via error on a dropped throw from SS, E3 (Groundball, 6S, EV 65.0 MPH) Danny Gallegos to second
|
|
Batting: RHB Slamet Pamungkas
|
0-0: Ball 1-0: Ball 2-0: Fly out, F9 (Flyball, 89S, EV 87.5 MPH)
|
| Top of the 5th over - 0 runs, 1 hit, 1 error, 2 left on base; Indianapolis 0 - Lehigh Valley 2 |
| BOTTOM OF THE 5TH |
|
Lehigh Valley IronPigs batting - Pitching for Indianapolis Indians : RHP Walt Quinn
|
|
Batting: RHB Bill Moldenhauer
|
0-0: Foul Ball, location: 2F 0-1: Ball 1-1: Ball 2-1: Ball 3-1: Foul Ball, location: 2F 3-2: Base on Balls
|
|
Batting: SHB Cesar Arteaga
|
0-0: Called Strike 0-1: Swinging Strike 0-2: Ball 1-2: Foul Ball, location: 2F 1-2: Strikes out swinging
|
|
Batting: LHB Osamu Kubo
|
0-0: Ball 1-0: Foul Ball, location: 2F 1-1: Ball 2-1: Foul Ball, location: 2F 2-2: Ball 3-2: Foul Ball, location: 2F 3-2: Strikes out swinging Bill Moldenhauer steals 2nd base Batter strikes out.
|
|
Batting: LHB Chad Persaud
|
0-0: Ball 1-0: Fly out, F2 (Popup, 15S, EV 85.0 MPH)
|
| Bottom of the 5th over - 0 runs, 0 hits, 0 errors, 1 left on base; Indianapolis 0 - Lehigh Valley 2 |
| TOP OF THE 6TH |
|
Indianapolis Indians batting - Pitching for Lehigh Valley IronPigs : RHP Masataka Kawai
|
|
Batting: RHB David Contreras
|
0-0: Called Strike 0-1: Foul Ball, location: 2F 0-2: Strikes out swinging
|
|
Batting: RHB Kirk Seiffert
|
0-0: Ball 1-0: Fly out, F8 (Flyball, 8RXD, EV 102.5 MPH)
|
|
Batting: RHB Mike Cochran
|
0-0: Ball 1-0: Ball 2-0: Ball 3-0: Base on Balls
|
|
Batting: LHB Pat Sutton
|
0-0: Ball 1-0: SINGLE (Line Drive, 8LS, EV 106.9 MPH) Mike Cochran to second
|
|
Batting: SHB Ben Myers
|
0-0: Fly out, F5 (Popup, 56, EV 65.6 MPH)
|
| Top of the 6th over - 0 runs, 1 hit, 0 errors, 2 left on base; Indianapolis 0 - Lehigh Valley 2 |
| BOTTOM OF THE 6TH |
|
Lehigh Valley IronPigs batting - Pitching for Indianapolis Indians : RHP Walt Quinn
|
|
Batting: RHB Julian Nijhuis
|
0-0: Called Strike 0-1: Ball 1-1: Ball 2-1: Foul Ball, location: 2F 2-2: Fly out, F4 (Popup, 3S, EV 88.1 MPH)
|
|
Pitching: RHP Mario Medrano
|
|
|
Batting: RHB Matt Sanders
|
0-0: Ball 1-0: SINGLE (Groundball, 6, EV 94.4 MPH)
|
|
Batting: RHB Nick Beggs
|
0-0: Ball 1-0: Ball 2-0: Fly out, F3 (Popup, 34S, EV 72.5 MPH)
|
|
Batting: RHB Young-tae Yoo
|
0-0: Ball 1-0: Foul Ball, location: 2F 1-1: Called Strike 1-2: Strikes out looking
|
| Bottom of the 6th over - 0 runs, 1 hit, 0 errors, 1 left on base; Indianapolis 0 - Lehigh Valley 2 |
| TOP OF THE 7TH |
|
Indianapolis Indians batting - Pitching for Lehigh Valley IronPigs : RHP Masataka Kawai
|
|
Batting: LHB Jorge Quintana
|
0-0: Ball 1-0: Foul Ball, location: 2F 1-1: Ball 2-1: Ball 3-1: Foul Ball, location: 2F 3-2: Foul Ball, location: 2F 3-2: Fly out, F7 (Flyball, 7D, EV 99.4 MPH)
|
|
Batting: RHB Danny Gallegos
|
0-0: Ball 1-0: Foul Ball, location: 2F 1-1: Swinging Strike 1-2: Foul Ball, location: 2F 1-2: Ground out 6-3 (Groundball, 6, EV 82.5 MPH)
|
|
Batting: RHB Jorge Cruz
|
0-0: Swinging Strike 0-1: Foul Ball, location: 2F 0-2: Ball 1-2: Foul Ball, location: 2F 1-2: SOLO HOME RUN (Line Drive, 7LD, EV 97.5 MPH), Distance : 364 ft
|
|
Batting: RHB Slamet Pamungkas
|
0-0: Called Strike 0-1: SINGLE (Groundball, 15, EV 91.9 MPH) (infield hit)
|
|
Batting: RHB David Contreras
|
0-0: Ball Slamet Pamungkas steals 2nd base 1-0: Ball 2-0: Called Strike 2-1: Ball 3-1: Swinging Strike 3-2: Foul Ball, location: 2F 3-2: Fly out, F7 (Line Drive, 7, EV 92.5 MPH)
|
| Top of the 7th over - 1 run, 2 hits, 0 errors, 1 left on base; Indianapolis 1 - Lehigh Valley 2 |
| BOTTOM OF THE 7TH |
|
Lehigh Valley IronPigs batting - Pitching for Indianapolis Indians : RHP Mario Medrano
|
|
Pitching: RHP Tony Contreras
|
|
|
Batting: RHB Dan Grable
|
0-0: Ball 1-0: Ball 2-0: Ball 3-0: Called Strike 3-1: Base on Balls
|
|
Batting: RHB Bill Moldenhauer
|
0-0: Ball 1-0: Foul Ball, location: 2F 1-1: Foul Ball, location: 2F 1-2: Strikes out swinging
|
|
Batting: SHB Cesar Arteaga
|
0-0: Grounds into double play, 4-6-3 (Groundball, 4, EV 88.1 MPH)
|
| Bottom of the 7th over - 0 runs, 0 hits, 0 errors, 0 left on base; Indianapolis 1 - Lehigh Valley 2 |
| TOP OF THE 8TH |
|
Indianapolis Indians batting - Pitching for Lehigh Valley IronPigs : RHP Masataka Kawai
|
|
Pitching: RHP Clarros Pedrogo
|
|
|
Batting: RHB Kirk Seiffert
|
0-0: Ball 1-0: SINGLE (Line Drive, 78M, EV 89.4 MPH)
|
|
Batting: RHB Mike Cochran
|
0-0: Ball 1-0: Ball 2-0: Ball 3-0: Foul Ball, location: 2F 3-1: Base on Balls Kirk Seiffert to second
|
|
Pitching: LHP John Murray
|
|
|
Batting: LHB Pat Sutton
|
0-0: Swinging Strike 0-1: Swinging Strike 0-2: Strikes out swinging
|
|
Batting: SHB Ben Myers
|
0-0: Ball 1-0: Called Strike 1-1: Foul Ball, location: 2F 1-2: Strikes out swinging
|
|
Pinch Hitting: SHB Louie Horne
|
0-0: Called Strike 0-1: Ball 1-1: Called Strike 1-2: Foul Ball, location: 2F 1-2: Foul Ball, location: 2F 1-2: Ball 2-2: Fly out, F8 (Line Drive, 8RD, EV 107.5 MPH)
|
| Top of the 8th over - 0 runs, 1 hit, 0 errors, 2 left on base; Indianapolis 1 - Lehigh Valley 2 |
| BOTTOM OF THE 8TH |
|
Lehigh Valley IronPigs batting - Pitching for Indianapolis Indians : RHP Tony Contreras
|
|
Now in CF: Caleb Russell
|
|
|
Batting: LHB Osamu Kubo
|
0-0: Ball 1-0: Ball 2-0: Ball 3-0: Called Strike 3-1: Base on Balls
|
|
Batting: LHB Chad Persaud
|
0-0: Ball 1-0: Foul Ball, location: 2F 1-1: Foul Ball, location: 2F 1-2: DOUBLE (Groundball, 3L, EV 102.5 MPH) Osamu Kubo to third Runner from 3rd tries for Home, SAFE, no throw by RF
|
|
Batting: RHB Julian Nijhuis
|
0-0: Called Strike 0-1: Called Strike 0-2: Ball 1-2: Ball 2-2: Strikes out swinging
|
|
Batting: RHB Matt Sanders
|
0-0: Called Strike 0-1: Ball 1-1: Fly out, F8 (Flyball, 78M, EV 78.8 MPH)
|
|
Batting: RHB Nick Beggs
|
0-0: Called Strike 0-1: Ball 1-1: Foul Ball, location: 2F 1-2: Ball 2-2: Ball 3-2: Strikes out swinging
|
| Bottom of the 8th over - 1 run, 1 hit, 0 errors, 1 left on base; Indianapolis 1 - Lehigh Valley 3 |
| TOP OF THE 9TH |
|
Indianapolis Indians batting - Pitching for Lehigh Valley IronPigs : LHP John Murray
|
|
Now at 1B: Jose Marroquin
|
|
|
Batting: RHB Danny Gallegos
|
0-0: Called Strike 0-1: Foul Ball, location: 2F 0-2: Fly out, F6 (Line Drive, 6, EV 75.0 MPH)
|
|
Batting: RHB Jorge Cruz
|
0-0: Ball 1-0: Ball 2-0: Swinging Strike 2-1: Called Strike 2-2: Foul Ball, location: 2F 2-2: Ball 3-2: Ground out 5-3 (Groundball, 56, EV 83.1 MPH)
|
|
Batting: RHB Slamet Pamungkas
|
0-0: Foul Ball, location: 2F 0-1: Ball 1-1: Foul Ball, location: 2F 1-2: Foul Ball, location: 2F 1-2: Foul Ball, location: 2F 1-2: Foul Ball, location: 2F 1-2: Foul Ball, location: 2F 1-2: Ball 2-2: Fly out, F7 (Flyball, 7S, EV 94.4 MPH)
|
| Top of the 9th over - 0 runs, 0 hits, 0 errors, 0 left on base; Indianapolis 1 - Lehigh Valley 3 |
|